 Dungeon Crawl Stone Soup version 0.30-a0-137-gd8773701ce (webtiles) character file.

Game seed: 7001096805117536120

961 blackman the Cleaver (level 7, -7/57 HPs)
             Began as a Minotaur Fighter on Sept 22, 2022.
             Was a Believer of Elyvilon.
             Mangled by Prince Ribbit (12 damage)
             ... on level 5 of the Dungeon.
             The game lasted 00:04:32 (6202 turns).

blackman the Cleaver (Minotaur Fighter)             Turns: 6202, Time: 00:04:32

Health: -7/57      AC:  6    Str: 23    XL:     7   Next: 92%
Magic:  6/6        EV:  9    Int:  5    God:    Elyvilon [**....]
Gold:   228        SH:  4    Dex:  9    Spells: 6/6 levels left

rFire   . . .      SeeInvis .    a - +0 war axe
rCold   . . .      Faith    .    c - +0 buckler
rNeg    . . .      Spirit   .    b - +0 scale mail
rPois   .          Reflect  .    (helmet restricted)
rElec   .          Harm     .    u - scarf {+Inv}
rCorr   .          Rampage  .    (no gloves)
Will    .....                    (no boots)
Stlth   ..........               (no amulet)
HPRegen 0.19/turn                (no ring)
MPRegen 0.10/turn                (no ring)

@: no status effects
A: horns 2, retaliatory headbutt
a: Renounce Religion, Evoke Invisibility, Purification, Heal Other


You were on level 5 of the Dungeon.
You worshipped Elyvilon.
Elyvilon was pleased with you.
You visited 1 branch of the dungeon, and saw 5 of its levels.
You also visited: Ossuary.

You collected 228 gold pieces.

Inventory:

Hand Weapons
 a - a +0 war axe (weapon)
Missiles
 n - 6 javelins
 o - 7 curare-tipped darts (quivered)
 x - 3 datura-tipped darts
Armour
 b - a +0 scale mail (worn)
 c - a +0 buckler (worn)
 u - a scarf of invisibility (worn)
   (You found it on level 2 of the Dungeon)
Jewellery
 f - a ring of protection from fire
   (You took it off a kobold on level 1 of the Dungeon)
 j - a +6 ring of strength
   (You found it on level 1 of the Dungeon)
 m - a ring of flight
   (You found it on level 1 of the Dungeon)
 s - an amulet of the acrobat
   (You found it on level 3 of the Dungeon)
Wands
 D - a wand of quicksilver (9)
   (You found it on level 4 of the Dungeon)
Scrolls
 e - 2 scrolls of amnesia {unknown}
 g - a scroll of vulnerability {unknown}
 k - a scroll of torment
 p - 2 scrolls of immolation {unknown}
 r - 7 scrolls of identify
 t - 3 scrolls of teleportation
 w - a scroll of enchant weapon {unknown}
 y - a scroll of noise {unknown}
 z - 2 scrolls of blinking
 B - 2 scrolls of enchant armour {unknown}
 C - a scroll of fear {unknown}
 G - a scroll of poison {unknown}
Potions
 d - 5 potions of might
 h - a potion of heal wounds {unknown}
 i - a potion of invisibility {unknown}
 l - a potion of attraction {unknown}
 q - 2 potions of cancellation {unknown}
 v - 3 potions of curing {unknown}
 A - a potion of mutation {unknown}
 E - 2 potions of ambrosia {unknown}
 F - a potion of resistance {unknown}


   Skills:
 - Level 3.6 Fighting
 + Level 11.1 Axes
 - Level 3.6 Armour
 - Level 3.6 Shields


You had 6 spell levels left.
You didn't know any spells.
Your spell library contained the following spells:

 Spells                   Type           Power      Damage    Failure   Level
 Apportation              Tloc           0%         N/A       86%         1
 Portal Projectile        Hex/Tloc       0%         N/A       99%         3
 Tukima's Dance           Hex            0%         N/A       99%         3
 Passage of Golubria      Tloc           0%         N/A       100%        4
 Alistair's Intoxication  Tmut/Pois      0%         N/A       100%        5
 Blade Hands              Tmut           0%         N/A       100%        5
 Yara's Violent Unravell  Hex/Tmut       0%         3d3       100%        5


Dungeon Overview and Level Annotations

Branches:
Dungeon (5/15)            Ossuary (visited)
 Temple: D:4-7

Altars:
Elyvilon
Vehumet
Xom

Shops:
D:5 :

Annotations:
D:5 Prince Ribbit


Innate Abilities, Weirdness & Mutations

You have a pair of horns on your head.
You reflexively headbutt those who attack you in melee.


Message History

Prince Ribbit blinks!
Your Axes skill increases to level 11!
You hit the orc.
The orc is heavily wounded.
The orc closely misses you.
You slash the orc!
You kill the orc!
You slash the orc priest! The orc priest hits you with a +0 whip.
You slash the orc priest!
You kill the orc priest!
Prince Ribbit blinks!
Things that are here:
a +0 whip; a +0 dagger; a +0 robe You closely miss Prince Ribbit.
Your headbutt misses Prince Ribbit. Prince Ribbit hits you.
You hit Prince Ribbit. Your headbutt misses Prince Ribbit.
Prince Ribbit is lightly wounded.
Prince Ribbit hits you! x2
You are too injured to fight recklessly!
You are too injured to fight recklessly!
Aiming: Quicksilver Bolt
Press: ? - help, Shift-Dir - straight line, f - Prince Ribbit
Aim: Prince Ribbit (lightly wounded, 50% to hit)
The bolt of dispelling energy hits Prince Ribbit!
Prince Ribbit is moderately wounded.
Prince Ribbit hits you.
* * * LOW HITPOINT WARNING * * *
Aiming: Quicksilver Bolt
Press: ? - help, Shift-Dir - straight line, f/p - Prince Ribbit
Aim: Prince Ribbit (moderately wounded, 50% to hit)
The bolt of dispelling energy hits Prince Ribbit!
Prince Ribbit is severely wounded.
Prince Ribbit hits you!
* * * LOW HITPOINT WARNING * * *
Aiming: Quicksilver Bolt
Press: ? - help, Shift-Dir - straight line, f/p - Prince Ribbit
Aim: Prince Ribbit (severely wounded, 50% to hit)
The bolt of dispelling energy misses Prince Ribbit.
Prince Ribbit hits you!
You die...

#......+...#.....#
+.<....#...'....(#
#......#.###.....##
##....##
#.......... #....+
#.........( #....
#..........
#..........
##'#########
#)).@F....#
#..........#
#....##....# #....#
...# ....... ...
.##.....+ .# .
#....## # #....#


You could see Prince Ribbit.

Vanquished Creatures
  Grinder (D:4)
  A phantom (D:4)
  A centaur (D:5)
  A scorpion (D:5)
  2 hounds (D:5)
  An orc priest (D:5)
  Natasha (thrice) (D:3)
  An orc wizard (D:5)
  13 mummies (Ossuary)
  Robin (D:4)
  8 adders
  2 worms
  3 dart slugs
  6 orcs (D:5)
  11 endoplasms
  2 giant cockroaches
  10 goblins
  13 hobgoblins
  9 kobolds
  4 quokkas
  8 ball pythons
  7 bats
  2 frilled lizards (D:1)
  3 gnoll skeletons (Ossuary)
  A goblin skeleton (Ossuary)
  2 kobold skeletons (Ossuary)
  2 orc skeletons (Ossuary)
  7 rats
  11 rat skeletons (Ossuary)
136 creatures vanquished.

Notes
Turn   | Place    | Note
-------+----------+-------------------------------------------
     0 | D:1      | blackman the Minotaur Fighter began the quest for the Orb.
     0 | D:1      | Reached XP level 1. HP: 19/19 MP: 0/0
   136 | D:1      | Reached skill level 3 in Axes
   243 | D:1      | Reached XP level 2. HP: 26/26 MP: 1/1
   599 | D:1      | Reached skill level 4 in Axes
   882 | D:1      | Reached XP level 3. HP: 25/31 MP: 2/2
  1902 | D:3      | Reached skill level 5 in Axes
  2168 | D:3      | Reached XP level 4. HP: 39/39 MP: 3/3
  2263 | D:3      | Noticed Natasha
  2269 | D:3      | Killed Natasha
  2319 | D:3      | Noticed Natasha
  2326 | D:3      | Killed Natasha
  2327 | D:3      | Reached skill level 6 in Axes
  2407 | D:3      | Noticed Natasha
  2417 | D:3      | Killed Natasha
  2418 | D:3      | Reached XP level 5. HP: 30/45 MP: 4/4
  2523 | D:3      | Found a faded altar of an unknown god.
  2684 | D:3      | Prayed at the altar of an unknown god.
  2684 | D:3      | Became a worshipper of Elyvilon the Healer
  2684 | D:3      | Reached * piety under Elyvilon
  2933 | D:4      | Reached skill level 7 in Axes
  2945 | D:4      | Found a sand-covered staircase.
  2954 | Ossuary  | Entered an ossuary
  3794 | Ossuary  | Reached XP level 6. HP: 35/51 MP: 5/5
  4135 | Ossuary  | Reached skill level 8 in Axes
  4556 | D:4      | Noticed Robin
  4570 | D:4      | Killed Robin
  4788 | D:4      | Found a radiant altar of Vehumet.
  4816 | D:4      | Reached skill level 9 in Axes
  4942 | D:4      | Found a shimmering altar of Xom.
  4964 | D:4      | Reached ** piety under Elyvilon
  5041 | D:4      | Noticed Grinder
  5042 | D:4      | Paralysed by Grinder for 5 turns
  5055 | D:4      | Killed Grinder
  5056 | D:4      | Reached skill level 10 in Axes
  5056 | D:4      | Reached XP level 7. HP: 21/57 MP: 6/6
  5334 | D:5      | Entered Level 5 of the Dungeon
  5532 | D:5      | Found Botearr's Tremendous Tomes.
  6188 | D:5      | Noticed Prince Ribbit
  6192 | D:5      | Reached skill level 11 in Axes
  6202 | D:5      | Mangled by Prince Ribbit

Illustrated notes

Levels and vault maps discovered:
D:1:      mainiacjoe_arrival_reflecting_pool, layout_loops_cross,
          minmay_misc_feat_x
D:2:      layout_basic, minmay_tetromino_s4
D:3:      layout_rooms, chequers_ecumenical_altar_island,
          minmay_misc_feat_diagonals, uniq_natasha
D:4:      layout_rooms, mainiacjoe_overflow_catwalk_spiral,
          nicolae_ossuary_entry_monument, uniq_robin, uniq_grinder
D:5:      layout_gridville, minmay_misc_feat_four_crosses,
          nicolae_shop_i_like_big_books, uniq_prince_ribbit1,
          uniq_crazy_yiuf_cottage

Skill      XL: |  1  2  3  4  5  6  7 |
---------------+----------------------+-----
Axes           | 3 4 5 6 7 10 11 | 11.1
Fighting       | |  3.6
Armour         | |  3.6
Shields        | |  3.6

Action                   |  1- 3 |  4- 6 |  7- 9 || total
-------------------------+-------+-------+-------++-------
Melee: War axe           |    99 |   162 |    42 ||   303
       Headbutt          |    12 |    25 |     3 ||    40
Throw: Dart              |       |     6 |       ||     6
Evoke: Wand              |       |     3 |     3 ||     6
  Use: Scroll            |     4 |       |       ||     4
Armor: Scale mail        |    34 |    40 |    17 ||    91
Dodge: Dodged            |    41 |    53 |    13 ||   107
Block: Buckler           |    27 |    18 |     6 ||    51

Table legend: (Time is in decaauts)
 A = Elapsed time spent in this place.
 B = Non-inter-level travel time spent in this place.
 C = Inter-level travel time spent in this place.
 D = Time resting spent in this place.
 E = Time spent auto-exploring this place.
 F = Levels seen in this place.
 G = Mean time per level.
                   A        B        C        D        E       F      G
               +--------+--------+--------+--------+--------+-----+--------+
         Total |   6282 |   6159 |    123 |    543 |   4846 |   6 | 1047.0 |
       Dungeon |   4677 |   4554 |    123 |      0 |   3969 |   5 |  935.4 |
       Ossuary |   1605 |   1605 |      0 |    543 |    877 |   1 | 1605.0 |
               +--------+--------+--------+--------+--------+-----+--------+

Top non-repeatable levels by time:
 Ossuary: 1605 daAuts
     D:1: 1336 daAuts
     D:3: 1002 daAuts
     D:4: 901 daAuts
     D:5: 868 daAuts
     D:2: 567 daAuts
